 Dungeon Crawl Stone Soup version 0.20-b1 (webtiles) character file.

7935 Mesmaeker13 the Cleaver (level 11, -8/156 HPs)
             Began as a Deep Dwarf Berserker on May 19, 2017.
             Was an Elder of Trog.
             Mangled by Psyche
             ... wielding a +2 dagger of distortion
              (17 damage)
             ... on level 8 of the Dungeon.
             The game lasted 00:24:35 (8871 turns).

Mesmaeker13 the Cleaver (Deep Dwarf Berserker)      Turns: 8871, Time: 00:24:36

Health: -8/156     AC: 15    Str: 27    XL:     11   Next: 3%
Magic:  18/18      EV:  8    Int: 11    God:    Trog [****..]
Gold:   537        SH:  0    Dex: 13    Spells: 10/10 levels left

rFire    + . .     SeeInvis .   g - +5 war axe of Elath {flame, rF+ Int+2}
rCold    + . .     Gourm    .   (no shield)
rNeg     . . .     Faith    .   h - +0 plate armour
rPois    .         Spirit   .   v - +0 helmet
rElec    .         Reflect  .   (no cloak)
rCorr    .         Harm     .   (no gloves)
MR       +....                  (no boots)
Stlth    ..........             f - amulet of magic regeneration
Regen    0.0/turn               s - ring of protection from cold
MPRegen  0.3/turn               (no ring)

@: berserking, non-regenerating, very quick
A: damage resistance, heal wounds, sense surroundings 2, no regeneration
a: Heal Wounds, Berserk, Trog's Hand, Brothers in Arms, Burn Spellbooks,
Renounce Religion


You were on level 8 of the Dungeon.
You worshipped Trog.
Trog was greatly pleased with you.
You were very hungry.

You visited 1 branch of the dungeon, and saw 10 of its levels.

You collected 537 gold pieces.

Inventory:

Hand Weapons
 g - the +5 war axe of Elath (weapon) {flame, rF+ Int+2}
   (You found it on level 5 of the Dungeon)

   It has been specially enchanted to burn those struck by it, causing extra
   injury to most foes and up to half again as much damage against particularly
   susceptible opponents.
   Big, fiery blades are also staple armaments of hydra-hunters.
   It affects your intelligence (+2).
   It protects you from fire.
 C - a +0 blowgun
 H - the +9 flail "Ohutohupt" {protect, rN+ Stlth+}
   (You found it on level 9 of the Dungeon)

   It protects the one who uses it against injury (+AC on strike).
   It protects you from negative energy.
   It makes you more stealthy.
 N - the +8 falchion "Embalmer" {flame, *Drain MP+9 Str+2 Int+5, unknown}
   (You found it on level 8 of the Dungeon)

   It has been specially enchanted to burn those struck by it, causing extra
   injury to most foes and up to half again as much damage against particularly
   susceptible opponents.
   Big, fiery blades are also staple armaments of hydra-hunters.
   It affects your strength (+2).
   It affects your intelligence (+5).
   It affects your magic capacity (+9).
   It causes draining when unequipped.
Missiles
 J - 2 javelins (quivered)
Armour
 h - a +0 plate armour (worn)
 v - a +0 helmet (worn)
Jewellery
 f - an amulet of magic regeneration (around neck)
 s - a ring of protection from cold (left hand)
Wands
 e - a wand of iceblast (9/15)
 j - a wand of confusion (36/48)
 w - a wand of confusion (0/48)
 y - a wand of paralysis (1/24)
 F - a wand of iceblast (0/15)
Scrolls
 b - 2 scrolls of enchant weapon
 i - 7 scrolls of remove curse
 n - 3 scrolls of teleportation
 u - 2 scrolls of noise
 A - 4 scrolls of blinking
 D - a scroll of fog
 E - a scroll of recharging
 K - a scroll of magic mapping {unknown}
 L - a scroll of immolation {unknown}
Potions
 d - 2 potions of brilliance
 k - a potion of agility {unknown}
 l - 2 potions of curing
 m - 2 potions of mutation
 p - a potion of heal wounds {unknown}
 q - a potion of invisibility {unknown}
 r - a potion of might {unknown}
 t - 2 potions of lignification {unknown}
 x - 4 potions of flight {unknown}
 z - 2 potions of degeneration {unknown}
 G - a potion of magic {unknown}
 M - a potion of haste {unknown}
Books
 a - a book of Callings

   Spells                             Type                      Level
   a - Summon Small Mammal            Summoning                    1
   b - Call Imp                       Summoning                    2
   c - Call Canine Familiar           Summoning                    3
   d - Summon Guardian Golem          Hexes/Summoning              3
   e - Summon Lightning Spire         Summoning/Air                4
   f - Summon Ice Beast               Ice/Summoning                4
   Trog disapproves of the use of such an item.
 I - a book of Callings

   Spells                             Type                      Level
   a - Summon Small Mammal            Summoning                    1
   b - Call Imp                       Summoning                    2
   c - Call Canine Familiar           Summoning                    3
   d - Summon Guardian Golem          Hexes/Summoning              3
   e - Summon Lightning Spire         Summoning/Air                4
   f - Summon Ice Beast               Ice/Summoning                4
   Trog disapproves of the use of such an item.
Comestibles
 c - 9 bread rations
 B - 4 royal jellies


   Skills:
 + Level 8.6 Fighting
 + Level 10.1 Axes
 + Level 10.0 Armour
 - Level 2.1 Dodging
 + Level 9.9 Evocations


You had 10 spell levels left.
You didn't know any spells.

Dungeon Overview and Level Annotations

Branches:
Dungeon (10/15)            Temple (0/1) D:6
   Lair: D:8-11         Orc: D:9-12

Altars:
Ashenzari
Dithmenos
Elyvilon
Fedhas
Gozag
Kikubaaqudgha
Okawaru
Trog
Xom
Yredelemnul
Zin
The Shining One

Annotations:
D:8 Psyche


Innate Abilities, Weirdness & Mutations

You are resistant to damage.
You can heal yourself by infusing magical energy.
You passively map the area around you.
You do not regenerate.


Message History

Psyche hits you but does no damage. Space bends around you.
Psyche hits you but does no damage. Space warps horribly around you!
You closely miss Psyche. Psyche hits you but does no damage.
Space warps horribly around you!
* * * LOW HITPOINT WARNING * * *
You barely miss Psyche. Psyche hits you but does no damage.
Space bends around you.
* * * LOW HITPOINT WARNING * * *
A red film seems to cover your vision as you go berserk!
You feel yourself moving faster!
You feel mighty!
You are feeling very hungry.
Psyche hits you but does no damage. Space warps horribly around you!
* * * LOW HITPOINT WARNING * * *
You are too berserk!
You miss Psyche. Psyche misses you.
You closely miss Psyche. Psyche barely misses you.
You slice Psyche!! You burn Psyche.
Psyche is severely wounded.
Psyche hits you but does no damage. Space warps horribly around you!
You die...

* * * * * #########
#.......# **##
#.#####.# , .. , #.#
#.# , , .. ,
###.#####)# ,* #.
#.@....##.# ,
.?##..#####.#@##.##.#
,
*#...@.......#.##.##.#
##.....######.......#
,......# ####.####
,...... #)# *####.
##.# #. #..# #+## #.##
##...## #.#


You could see Psyche.

Vanquished Creatures
  A two-headed ogre (D:8)
  The ghost of galech the Grappler, a novice TrMo of Trog (D:7)
  3 centaur skeletons
  2 hellwings (D:7)
  A hornet (D:9)
  Grinder (D:6)
  A hippogriff (D:6)
  The ghost of feelmyfire the Firebug, an amateur DEFE of Sif Muna (D:4)
  A wyvern (D:3)
  Eustachio (D:6)
  Menkaure (D:6)
  A water moccasin (D:8)
  Duvessa (D:7)
  3 sky beasts
  2 phantoms
  7 ogres
  4 centaurs
  A crocodile (D:8)
  A big kobold (D:9)
  2 bullfrogs (D:6)
  A wyvern zombie (D:7)
  Dowan (D:7)
  A wyvern skeleton (D:7)
  2 scorpions
  A killer bee (D:8)
  2 jellies
  2 howler monkeys
  3 crimson imps
  4 centaur zombies (D:7)
  3 hounds
  4 orc priests
  A bullfrog skeleton (D:7)
  A gnoll shaman (D:4)
  Ijyb (D:3)
  2 iguanas
  9 orc wizards
  4 worker ants
  A hound zombie (D:5)
  A howler monkey skeleton (D:5)
  14 adders
  16 gnolls
  6 shadow imps
  An ooze (D:1)
  4 worms (D:2)
  4 adder skeletons
  3 dart slugs
  5 leopard geckos
  22 orcs
  3 ball pythons (D:2)
  7 bats
  5 giant cockroaches
  16 goblins
  6 hobgoblins
  18 jackals
  3 frilled lizards
  12 kobolds
  2 leopard gecko skeletons (D:5)
  A quokka skeleton (D:4)
  6 rats
  A withered plant (D:7)
235 creatures vanquished.

Vanquished Creatures (others)
  A sky beast (D:6)
  A ball python (D:6)
2 creatures vanquished.

Grand Total: 237 creatures vanquished

Notes
Turn   | Place    | Note
-------+----------+-------------------------------------------
     0 | D:1      | Mesmaeker13 the Deep Dwarf Berserker began the quest for the Orb.
     0 | D:1      | Reached XP level 1. HP: 20/20 MP: 1/1
    90 | D:1      | Reached XP level 2. HP: 22/27 MP: 2/2
   624 | D:2      | Reached XP level 3. HP: 17/34 MP: 3/3
   827 | D:2      | Reached ** piety under Trog
   892 | D:2      | Reached XP level 4. HP: 25/42 MP: 4/4
   958 | D:2      | Found a glowing golden altar of the Shining One.
  1573 | D:3      | Noticed a wyvern
  1582 | D:3      | Killed a wyvern
  1582 | D:3      | Reached XP level 5. HP: 23/50 MP: 5/5
  1655 | D:3      | Reached skill level 5 in Axes
  1671 | D:3      | Found a white marble altar of Elyvilon.
  1782 | D:3      | Noticed an ogre
  1801 | D:3      | Killed an ogre
  1801 | D:3      | Reached XP level 6. HP: 41/57 MP: 6/6
  1973 | D:3      | Noticed Ijyb
  1997 | D:3      | Killed Ijyb
  2312 | D:3      | Reached skill level 5 in Armour
  2460 | D:3      | Reached *** piety under Trog
  2576 | D:4      | Found an opulent altar of Gozag.
  2733 | D:4      | Found a basalt altar of Yredelemnul.
  2733 | D:4      | Found an ancient bone altar of Kikubaaqudgha.
  2738 | D:4      | Found a bloodstained altar of Trog.
  2740 | D:4      | Found a shimmering altar of Xom.
  2741 | D:4      | Found a glowing silver altar of Zin.
  2949 | D:4      | Reached skill level 1 in Evocations
  2949 | D:4      | Reached XP level 7. HP: 22/66 MP: 7/7
  2966 | D:4      | Noticed feelmyfire's ghost (amateur DEFE)
  2988 | D:4      | Killed feelmyfire's ghost
  3026 | D:4      | Found a blossoming altar of Fedhas.
  3364 | D:4      | Found an iron altar of Okawaru.
  3444 | D:5      | Entered Level 5 of the Dungeon
  3485 | D:5      | Got a jewelled war axe
  3517 | D:4      | Identified the +5 war axe of Elath {flame, rF+ Int+2} (You found it on level 5 of the Dungeon)
  3523 | D:4      | Reached skill level 5 in Fighting
  3556 | D:5      | Found a shadowy altar of Dithmenos.
  3661 | D:5      | Reached XP level 8. HP: 28/74 MP: 10/10
  4074 | D:5      | Reached **** piety under Trog
  5089 | D:6      | Noticed Menkaure
  5095 | D:6      | Killed Menkaure
  5095 | D:6      | Reached skill level 5 in Evocations
  5117 | D:6      | Noticed Eustachio
  5186 | D:6      | Found a staircase to the Ecumenical Temple.
  5315 | D:6      | Killed Eustachio
  5478 | D:6      | Noticed a hippogriff
  5493 | D:6      | Killed a hippogriff
  5493 | D:6      | Gained mutation: You passively map the area around you. [Deep Dwarf growth]
  5493 | D:6      | Reached XP level 9. HP: 37/84 MP: 13/13
  5576 | D:6      | Noticed Grinder
  5583 | D:6      | Killed Grinder
  5959 | D:6      | Found a shattered altar of Ashenzari.
  6246 | D:7      | Noticed a hellwing
  6279 | D:7      | Killed a hellwing
  6280 | D:7      | Reached XP level 10. HP: 29/94 MP: 14/16
  6637 | D:7      | Noticed galech's ghost (novice TrMo)
  6649 | D:7      | Killed galech's ghost
  6759 | D:7      | Noticed Dowan
  6775 | D:7      | Killed Dowan
  6798 | D:7      | Noticed Duvessa
  6805 | D:7      | Killed Duvessa
  7634 | D:9      | Got an iridescent flail
  8276 | D:10     | Entered Level 10 of the Dungeon
  8315 | D:10     | Noticed an orc sorcerer
  8315 | D:10     | Noticed a wizard
  8316 | D:10     | Noticed an orc sorcerer
  8618 | D:8      | Reached skill level 10 in Axes
  8656 | D:8      | Got a warped falchion
  8745 | D:8      | Noticed a two-headed ogre
  8758 | D:8      | Killed a two-headed ogre
  8758 | D:8      | Reached XP level 11. HP: 66/104 MP: 18/18
  8828 | D:8      | Reached skill level 10 in Armour
  8837 | D:8      | Identified the +9 flail "Ohutohupt" {protect, rN+ Stlth+} (You found it on level 9 of the Dungeon)
  8854 | D:8      | Noticed Psyche
  8871 | D:8      | Mangled by Psyche

Skill      XL: |  1  2  3  4  5  6  7  8  9 10 11 |
---------------+----------------------------------+-----
Fighting       | 3 4 5 6 7 8 |  8.6
Axes           | 4 5 6 7 8 10 | 10.1
Armour         | 3 4 5 6 7 8 9 10 | 10.0
Evocations     | 1 3 5 8 9 |  9.9
Dodging        | |  2.1

Action                   |  1- 3 |  4- 6 |  7- 9 | 10-12 || total
-------------------------+-------+-------+-------+-------++-------
Melee: Hand axe          |   114 |   264 |    87 |       ||   465
       War axe           |       |       |   223 |   183 ||   406
Throw: Javelin           |       |       |     2 |     4 ||     6
Invok: Berserk           |       |     4 |     6 |     5 ||    15
       Trog's Hand       |       |     3 |     8 |     6 ||    17
 Abil: Heal Wounds       |     1 |       |       |     2 ||     3
Evoke: Wand              |       |       |     5 |    11 ||    16
  Use: Scroll            |       |     2 |     1 |     9 ||    12
 Stab: Paralysed         |       |       |     2 |    14 ||    16
  Eat: Chunk             |       |    12 |    13 |    11 ||    36
       Meat ration       |       |       |     1 |       ||     1
       Bread ration      |       |       |       |     1 ||     1
Armor: Chain mail        |    81 |   139 |    85 |       ||   305
       Plate armour      |       |       |   131 |   121 ||   252
Dodge: Dodged            |    57 |   121 |   118 |    66 ||   362
